 Dungeon Crawl Stone Soup version 0.24.0-1-gfbc8707122 (webtiles) character file.

Game seed: 4477539357185133946, levelgen mode: deterministic

257 Aviak the Skirmisher (level 6, 0/66 HPs)
             Began as an Ogre Abyssal Knight on Oct 26, 2019.
             Was a Believer of Lugonu.
             Slain by an orc
             ... wielding a +0 dagger
              (4 damage)
             ... on level 3 of the Dungeon.
             The game lasted 00:04:24 (3261 turns).

Aviak the Skirmisher (Ogre Abyssal Knight)          Turns: 3261, Time: 00:04:24

Health: 0/66       AC:  4    Str: 19    XL:     6   Next: 16%
Magic:  7/7        EV: 10    Int: 13    God:    Lugonu [**....]
Gold:   190        SH:  0    Dex:  8    Spells: 5/5 levels left

rFire    . . .     SeeInvis .   a - +1 mace
rCold    . . .     Gourm    .   (no shield)
rNeg     . . .     Faith    .   b - +0 robe
rPois    .         Spirit   .   l - +0 hat
rElec    .         Reflect  .   q - +0 cloak (curse)
rCorr    .         Harm     .   (gloves unavailable)
MR       .....                  (boots unavailable)
Stlth    +.........             (no amulet)
HPRegen  0.21/turn              (no ring)
MPRegen  0.10/turn              (no ring)

@: berserk cooldown, flying, hasted and slowed
A: large, unfitting armour, tough skin 1
a: Depart the Abyss, Bend Space, Renounce Religion


You were on level 3 of the Dungeon.
You worshipped Lugonu.
Lugonu was pleased with you.
You were hungry.

You visited 2 branches of the dungeon, and saw 5 of its levels.
You visited the Abyss 1 time.

You collected 190 gold pieces.

Inventory:

Hand Weapons
 a - a +1 mace (weapon)
Armour
 b - a +0 robe (worn)
 l - a +0 hat (worn)
 q - a cursed +0 cloak (worn)
Jewellery
 k - a +3 ring of strength {unknown}
Wands
 o - a wand of iceblast (8)
Scrolls
 e - 2 scrolls of remove curse {unknown}
 f - 2 scrolls of teleportation {unknown}
 j - 4 scrolls of fog {unknown}
 m - 3 scrolls of identify {unknown}
 n - a scroll of magic mapping {unknown}
 r - a scroll of enchant weapon {unknown}
 t - a scroll of fear {unknown}
Potions
 c - a potion of curing
 d - a potion of brilliance
 h - 2 potions of heal wounds
Comestibles
 g - 6 rations


   Skills:
 + Level 5.3 Fighting
 + Level 4.2 Maces & Flails
 + Level 3.3 Dodging
 + Level 0.5 Stealth
 + Level 2.1 Invocations


You had 5 spell levels left.
You didn't know any spells.
Your spell library was empty.

Dungeon Overview and Level Annotations

Branches:
Dungeon (4/15)             Temple (1/1) D:4

Altars:
Ashenzari
Cheibriados
Dithmenos
Elyvilon
Fedhas
Gozag
Hepliaklqana
Kikubaaqudgha
Makhleb
Nemelex Xobeh
Okawaru
Qazlal
Ru
Sif Muna
Trog
Uskayaw
Vehumet
Wu Jian
Xom
Yredelemnul
Zin
The Shining One

Annotations:
D:4 Natasha, Pikel


Innate Abilities, Weirdness & Mutations

You are too large for most types of armour.
You have tough skin. (AC +1)


Message History

You fly upwards.
There is a stone staircase leading down here.
You hit the orc.
The orc is heavily wounded.
The orc misses you. The orc barely misses you.
You barely miss the orc.
The orc is heavily wounded.
The orc closely misses you.
The orc drinks a potion.
The orc suddenly seems more agile.
You closely miss the orc.
The orc is heavily wounded.
The orc closely misses you. The orc hits you with a +0 short sword.
* * * LOW HITPOINT WARNING * * *
Unknown command.
You hit the orc but do no damage.
The orc is heavily wounded.
The orc hits you with a +0 dagger.
* * * LOW HITPOINT WARNING * * *
The orc hits you with a +0 dagger.
You die...

##.##.### #........#
#.......###........#
#######....>..'.+........##
......'.......#.#.........#
#######..............####.#
#..............####.#######
#..........#...............
##
#........)#o#..#####.######
.# #.........@#o..# #.## .#
#..............# #..#
.##########..#.......# ##.#
### .'...............#####
#.# #.. .#####........####
#.###.. ## ####.....#
#..##.. #.......# ##.##..
#......## #..#.. #......#
##.###


You could see an orc.

Vanquished Creatures
  A centaur (D:4)
  A howler monkey (D:4)
  A centaur skeleton (D:4)
  An orc wizard (D:4)
  3 adders
  An adder zombie (D:4)
  2 worms (D:2)
  2 dart slugs
  3 leopard geckos
  3 orcs (D:4)
  2 giant cockroaches
  3 goblins
  5 hobgoblins
  3 jackals (D:2)
  A quokka (D:3)
  5 bats
  2 frilled lizards
  3 kobolds
  4 rats
46 creatures vanquished.

Notes
Turn   | Place    | Note
-------+----------+-------------------------------------------
     0 | Abyss:1  | Aviak the Ogre Abyssal Knight began the quest for the Orb.
     0 | Abyss:1  | Reached XP level 1. HP: 24/24 MP: 2/2
    25 | D:1      | Escaped the Abyss
   352 | D:1      | Reached XP level 2. HP: 32/32 MP: 3/3
  1165 | D:2      | Reached XP level 3. HP: 40/40 MP: 4/4
  1173 | D:2      | Reached ** piety under Lugonu
  2084 | D:2      | Found a sparkling altar of Nemelex Xobeh.
  2214 | D:2      | Reached XP level 4. HP: 31/49 MP: 5/5
  2782 | D:4      | Found a staircase to the Ecumenical Temple.
  2788 | Temple   | Entered the Ecumenical Temple
  2937 | D:4      | Noticed a centaur
  2955 | D:4      | Reached skill level 5 in Fighting
  2963 | D:4      | Killed a centaur
  2963 | D:4      | Reached XP level 5. HP: 17/57 MP: 6/6
  3244 | D:4      | Noticed Natasha
  3252 | D:4      | Reached XP level 6. HP: 11/66 MP: 7/7
  3254 | D:4      | Noticed Pikel
  3254 | D:4      | Noticed a slave
  3261 | D:3      | Slain by an orc

Levels and vault maps discovered:
D:1:      eino_arrival_tree_alley, layout_loops_ring, minmay_misc_feat_chi
D:2:      layout_loops_ring, nicolae_overflow_hidden_temple,
          minmay_misc_feat_tower
D:3:      layout_basic, st_stairs_14
D:4:      layout_cave_pools, minmay_temple_entry_enclosed_plants, first_ration,
          serial_undead, serial_undead_b, serial_undead_c, serial_undead_a,
          serial_undead_b, serial_undead_d, serial_undead_e, uniq_robin,
          uniq_natasha, uniq_pikel
Temple:   kilobyte_greek_temple

Skill      XL: |  1  2  3  4  5 |
---------------+----------------+-----
Maces & Flails | 2 3 4 |  4.2
Fighting       | 5 |  5.3
Dodging        | 3 |  3.3
Stealth        | |  0.5
Invocations    | |  2.1

Action                   |  1- 3 |  4- 6 || total
-------------------------+-------+-------++-------
Melee: Mace              |   112 |    84 ||   196
Evoke: Wand              |     1 |       ||     1
  Use: Potion            |       |     7 ||     7
 Stab: Sleeping          |     1 |       ||     1
  Eat: Chunk             |     3 |     4 ||     7
Armor: Robe              |    43 |    25 ||    68
Dodge: Dodged            |    64 |    51 ||   115
